 Dungeon Crawl Stone Soup version 0.25.0-41-g26779e291d (webtiles) character file.

Game seed: 4051616018840550354

154 Ethylacetat the Stinger (level 5, -2/32 HPs)
             Began as an Octopode Venom Mage on July 10, 2020.
             Slain by an orc
             ... wielding a cursed +0 club
              (4 damage)
             ... on level 3 of the Dungeon.
             The game lasted 00:11:23 (3745 turns).

Ethylacetat the Stinger (Octopode Venom Mage)       Turns: 3745, Time: 00:11:23

Health: -2/32      AC:  1    Str:  7    XL:     5   Next: 35%
Magic:  0/9        EV: 13    Int: 19    God:
Gold:   171        SH:  0    Dex: 12    Spells: 9/10 levels left

rFire    . . .     SeeInvis .   (no weapon)
rCold    . . .     Gourm    .   (no shield)
rNeg     . . .     Faith    .   (helmet restricted)
rPois    .         Spirit   .   (no amulet)
rElec    .         Reflect  .   (no ring)
rCorr    .         Harm     .   (no ring)
MR       .....                  (no ring)
Stlth    +++.......             (no ring)
HPRegen  0.10/turn              (no ring)
MPRegen  0.11/turn              (no ring)
                                (no ring)
                                (no ring)

@: no status effects
A: almost no armour, stealthy swim, amphibious, 8 rings, constrict 8, camouflage
1, gelatinous body 1
a: no special abilities


You were on level 3 of the Dungeon.
You were not hungry.

You visited 1 branch of the dungeon, and saw 3 of its levels.

You collected 171 gold pieces.

Inventory:

Jewellery
 h - an uncursed ring of poison resistance {unknown}
 i - a +6 ring of intelligence {unknown}
Scrolls
 a - 2 scrolls of teleportation {unknown}
 d - 2 scrolls of identify {unknown}
 e - a scroll of enchant armour {unknown}
Potions
 c - a potion of brilliance
 g - 2 potions of ambrosia {unknown}
 j - a potion of degeneration {unknown}
Comestibles
 b - 11 rations
 f - a chunk of flesh


   Skills:
 + Level 0.6 Fighting
 + Level 2.3 Dodging
 + Level 3.4 Stealth
 + Level 0.5 Unarmed Combat
 + Level 3.0 Spellcasting
 + Level 1.9 Transmutations
 + Level 5.1 Poison Magic


You had 9 spell levels left.
You knew the following spells:

 Your Spells              Type           Power        Failure   Level  Hunger
a - Sting                 Tmut/Pois      ###.         3%          1    None

Your spell library contained the following spells:

 Spells                   Type           Power        Failure   Level  Hunger
 Poisonous Vapours        Pois/Air       ##....       9%          2    ##.....
 Ignite Poison            Fire/Tmut/Pois ##......     17%         3    ###....
 Olgreb's Toxic Radiance  Pois           ###.....     19%         4    ####...
 Mephitic Cloud           Conj/Pois/Air  #.......     22%         3    ###....


Dungeon Overview and Level Annotations

Branches:
Dungeon (3/15)

Altars:
Xom
Zin


Innate Abilities, Weirdness & Mutations

You cannot wear most types of armour.
You are very stealthy in the water. (Stealth+)
You are amphibious.
You can wear up to eight rings at the same time.
You can use your tentacles to constrict eight enemies at once.
Your skin changes colour to match your surroundings (Stealth+).
Your rubbery body absorbs attacks. (AC +1, EV +1)


Message History

* * * LOW HITPOINT WARNING * * *
Casting: Sting (safe; 3% risk of failure)
Confirm with . or Enter, or press ? or * to list all spells.
Aiming: Sting (safe; 3% risk of failure)
Press: ? - help, Shift-Dir - straight line, f/p - orc priest
Aim: an orc priest, wielding a +0 hand axe (severely wounded, very poisoned)
The sting hits the orc priest.
The orc priest looks as sick as possible!
You kill the orc priest!
Your Spellcasting skill increases to level 3!
Casting: Sting (safe; 3% risk of failure)
Confirm with . or Enter, or press ? or * to list all spells.
You don't have enough magic to cast that spell.
Unknown command.
Casting: Sting (safe; 3% risk of failure)
Confirm with . or Enter, or press ? or * to list all spells.
Okay, then.
You see here 2 gold pieces.
The orc hits you with a cursed +0 club.
You die...

..# .. .# ..#
##)# ##.#
..###..# #.)#
....#.# #.##
###...# #.#
##..## #.#
#...## #$#
#.#..###### #o#
#.##......###@#
?..######.....#
.... ####...#
..... #...#
...##.. #...#
..# #...# .####
#


You could see an orc.

Vanquished Creatures
  An orc priest (D:3)
  4 adders (D:2)
  3 oozes
  3 worms (D:2)
  2 leopard geckos (D:2)
  An orc (D:3)
  14 bats
  3 giant cockroaches
  4 goblins
  10 hobgoblins
  3 jackals (D:1)
  2 quokkas (D:2)
  2 frilled lizards
  8 kobolds
  4 rats (D:2)
64 creatures vanquished.

Notes
Turn   | Place    | Note
-------+----------+-------------------------------------------
     0 | D:1      | Ethylacetat the Octopode Venom Mage began the quest for the
                  | Orb.
     0 | D:1      | Reached XP level 1. HP: 11/11 MP: 3/3
    19 | D:1      | Reached skill level 4 in Poison Magic
    21 | D:1      | Reached XP level 2. HP: 13/17 MP: 0/5
  1167 | D:1      | Reached XP level 3. HP: 21/21 MP: 6/6
  2523 | D:2      | Reached XP level 4. HP: 27/27 MP: 4/7
  3432 | D:2      | Found a burning altar of Makhleb.
  3434 | D:2      | Found a burning altar of Makhleb.
  3434 | D:2      | Found a glowing silver altar of Zin.
  3436 | D:2      | Found an ancient bone altar of Kikubaaqudgha.
  3436 | D:2      | Found a shimmering altar of Xom.
  3436 | D:2      | Found a bloodstained altar of Trog.
  3522 | D:2      | Reached XP level 5. HP: 32/32 MP: 6/9
  3557 | D:2      | Reached skill level 5 in Poison Magic
  3739 | D:3      | HP: 1/32 [orc/cursed +0 club (4)]
  3745 | D:3      | Slain by an orc

Illustrated notes

Levels and vault maps discovered:
D:1:      ebering_trefoil_twist, layout_basic, serial_co_window_serial,
          co_window_corner_a, co_window_corner_a, co_window_corner_a,
          co_window_paths_b, co_window_of_opportunity_a,
          co_window_of_opportunity_b, co_window_2corner,
          co_window_unsneaky_path_c, co_window_corner_b, co_window_broadway_b
D:2:      layout_basic, doesnt_xom_only_xom, first_ration, minmay_pentomino_pile
D:3:      layout_rooms, gup_sewer_entry_bowl

Skill      XL: |  1  2  3  4  5 |
---------------+----------------+-----
Poison Magic   | 4 5 |  5.1
Stealth        | 3 |  3.4
Spellcasting   | 3 |  3.0
Fighting       | |  0.6
Dodging        | |  2.3
Unarmed Combat | |  0.5
Transmutations | |  1.9

Action                   |  1- 3 |  4- 6 || total
-------------------------+-------+-------++-------
Melee: Unarmed           |    78 |    33 ||   111
       Tentacles         |    16 |     2 ||    18
       Constrict         |    22 |     5 ||    27
 Cast: Sting             |    33 |    59 ||    92
  Use: Potion            |       |     3 ||     3
 Stab: Sleeping          |     7 |     1 ||     8
  Eat: Chunk             |     5 |     4 ||     9
Armor: Skin              |    20 |     4 ||    24
Dodge: Dodged            |    73 |    46 ||   119
